 Dungeon Crawl Stone Soup version 0.30-a0-218-gedb9141078 (webtiles) character file.

Game seed: 6028107851559132647

487 lunkers the Cleaver (level 7, -3/57 HPs)
             Began as a Meteoran Berserker on Oct 6, 2022.
             Was a Believer of Trog.
             Slain by an ogre
             ... wielding a +0 giant club
              (29 damage)
             ... on level 6 of the Dungeon.
             The game lasted 00:03:22 (955 turns).

lunkers the Cleaver (Meteoran Berserker)             Turns: 955, Time: 00:03:23

Health: -3/57      AC: 11    Str: 20    XL:     7   Next: 63%
Magic:  8/8        EV:  6    Int:  9    God:    Trog [**....]
Gold:   73         SH:  0    Dex: 14    Spells: 6/6 levels left

rFire   . . .      SeeInvis .    a - +0 war axe
rCold   + . .      Faith    .    (no shield)
rNeg    . . .      Spirit   .    d - +0 plate armour
rPois   .          Reflect  .    (no helmet)
rElec   .          Harm     .    (no cloak)
rCorr   .          Rampage  .    (no gloves)
Will    .....                    (no boots)
Stlth   ..........               (no amulet)
HPRegen 0.29/turn                h - ring of protection from cold
MPRegen 0.11/turn                (no ring)

@: on berserk cooldown, glowing
A: sense surroundings 1, otherworldly, glowing, explore regen
a: Renounce Religion, Berserk, Trog's Hand


You were on level 6 of the Dungeon.
You worshipped Trog.
Trog was pleased with you.
You visited 1 branch of the dungeon, and saw 6 of its levels.

You collected 73 gold pieces.

Inventory:

Hand Weapons
 a - a +0 war axe (weapon)
 k - a +0 hand axe
Missiles
 f - 11 poisoned darts
 i - 15 stones (quivered)
Armour
 b - a +0 animal skin
 d - a +0 plate armour (worn)
 g - a +0 scale mail
Jewellery
 h - a ring of protection from cold (left hand)
Potions
 c - 2 potions of might
 e - a potion of berserk rage
 j - a potion of flight
 l - a potion of curing
 m - 2 potions of heal wounds
 p - a potion of lignification


   Skills:
 - Level 3.2 Fighting
 * Level 9.5 Axes
 - Level 2.4 Armour
 - Level 2.4 Dodging


You had 6 spell levels left.
You didn't know any spells.
Your spell library was empty.

Dungeon Overview and Level Annotations

Branches:
Dungeon (6/15) Zot: 2605   Temple (0/1) D:6

Altars:

Shops:
D:2 *


Innate Abilities, Weirdness & Mutations

You passively map a small area around you.
You are easily found by Zot.
You glow in the dark.
You regain HP and MP as you explore.


Message History

You hit the orc.
The orc is heavily wounded.
You hit the orc.
You kill the orc!
Trog accepts your kill.
You hit the orc wizard.
The orc wizard is lightly wounded.
The orc wizard hits you but does no damage.
You slash the orc wizard!
The orc wizard is almost dead.
The orc wizard hits you but does no damage.
You slash the orc wizard!
You kill the orc wizard!
Trog accepts your kill.
Trog appreciates your killing of a magic user.
Found 15 gold pieces.
Items here: )) [[.
You feel a strong urge to attack something.
Items here: )) [[.
You are no longer berserk.
You are exhausted.
You feel yourself slow down.
There is a stone staircase leading up here.
There is a stone staircase leading down here.
Found an escape hatch in the ceiling.
Found two stone staircases leading down.
There is a stone staircase leading down here.
An ogre comes into view. It is wielding a +0 giant club.
The ogre shouts!
There is an escape hatch in the ceiling here.
The ogre hits you with a +0 giant club!!
Ouch! That really hurt!
* * * LOW HITPOINT WARNING * * *
You hit the ogre but do no damage. The ogre hits you with a +0 giant club.
* * * LOW HITPOINT WARNING * * *
You barely miss the ogre.
You feel yourself speed up.
The ogre hits you with a +0 giant club!!
Ouch! That really hurt!
You die...

#.* , , *, #. * ,
* ##.## , * ,, ,
,...# *,,##* *
##..# , ... , ,
...# #####..# * ,
#######.###....>.#
#...<...>.......#
*
#..@.##.###.#####
#......O.##.# #.#
##..#....##.# #.##
#. #.#####.# #..#
# *#. ** #.# ##.#
..,, ..# #.# ##.
### #.# * * * #.#
, ,, #.# +*


You could see an ogre.

Vanquished Creatures
  An ogre (D:5)
  A centaur (D:5)
  A howler monkey (D:4)
  2 orc priests
  A hound (D:3)
  2 iguanas
  2 orc wizards (D:6)
  4 adders
  A worm (D:4)
  2 dart slugs
  5 orcs
  6 ball pythons
  2 endoplasms (D:2)
  3 giant cockroaches
  4 goblins
  3 hobgoblins
  5 jackals (D:1)
  6 kobolds
  2 bats
  4 frilled lizards
  A rat (D:1)
58 creatures vanquished.

Vanquished Creatures (others)
  An adder (D:5)
1 creature vanquished.

Grand Total: 59 creatures vanquished

Notes
Turn   | Place    | Note
-------+----------+-------------------------------------------
     0 | D:1      | lunkers the Meteoran Berserker began the quest for the Orb.
     0 | D:1      | Reached XP level 1. HP: 19/19 MP: 2/2
    37 | D:1      | Reached skill level 4 in Axes
    37 | D:1      | Reached XP level 2. HP: 17/26 MP: 3/3
   113 | D:1      | Reached XP level 3. HP: 18/31 MP: 4/4
   151 | D:1      | Reached skill level 5 in Axes
   174 | D:2      | Reached ** piety under Trog
   186 | D:2      | Found Raogenoi's Assorted Antiques.
   273 | D:2      | Reached XP level 4. HP: 37/38 MP: 5/5
   382 | D:3      | Reached skill level 6 in Axes
   387 | D:3      | Reached XP level 5. HP: 45/45 MP: 6/6
   590 | D:4      | Reached skill level 7 in Axes
   658 | D:4      | Reached XP level 6. HP: 44/51 MP: 7/7
   666 | D:5      | Entered Level 5 of the Dungeon
   792 | D:5      | Noticed a centaur
   799 | D:5      | Reached skill level 8 in Axes
   803 | D:5      | Killed a centaur
   804 | D:5      | Reached XP level 7. HP: 41/57 MP: 8/8
   852 | D:5      | Reached skill level 9 in Axes
   955 | D:6      | Slain by an ogre

Illustrated notes

Levels and vault maps discovered:
D:1:      heliophobic_arrival_henge, layout_rooms,
          hellmonk_ecumenical_altar_inner_sanctum, minmay_3d_cube
D:2:      minmay_spotlight, layout_rooms, serial_rivers,
          chequers_serial_rivers_small_a, chequers_serial_rivers_marsh,
          chequers_serial_rivers_marsh, chequers_serial_rivers_micro_a,
          serial_shops, nicolae_diamond_shop
D:3:      layout_loops_ring, gammafunk_ghost_mausoleum, serial_bayou_pond_e
D:4:      layout_gridville, gammafunk_ghost_icy
D:5:      layout_loops_ring, corner_web_ring, lemuel_flamethrower_2
D:6:      layout_loops_ring, minmay_temple_entry_glassed_door,
          corexii_item_surrounded_by_moat

Skill      XL: |  1  2  3  4  5  6  7 |
---------------+----------------------+-----
Axes           | 4 5 6 7 8 9 |  9.5
Fighting       | |  3.2
Armour         | |  2.4
Dodging        | |  2.4

Action                   |  1- 3 |  4- 6 |  7- 9 || total
-------------------------+-------+-------+-------++-------
Melee: Hand axe          |    51 |    22 |       ||    73
       War axe           |       |    57 |    16 ||    73
Throw: Dart              |       |     7 |       ||     7
       Stone             |       |     4 |       ||     4
Invok: Berserk           |     1 |     1 |     1 ||     3
  Use: Scroll            |       |     5 |     4 ||     9
Armor: Animal skin       |    17 |       |       ||    17
       Scale mail        |     3 |    30 |       ||    33
       Plate armour      |       |       |     4 ||     4
Dodge: Dodged            |    32 |    24 |     1 ||    57

Table legend: (Time is in decaauts)
 A = Elapsed time spent in this place.
 B = Non-inter-level travel time spent in this place.
 C = Inter-level travel time spent in this place.
 D = Time resting spent in this place.
 E = Time spent auto-exploring this place.
 F = Levels seen in this place.
 G = Mean time per level.
                   A        B        C        D        E       F      G
               +--------+--------+--------+--------+--------+-----+--------+
         Total |    992 |    973 |     19 |      0 |    459 |   6 |  165.3 |
       Dungeon |    992 |    973 |     19 |      0 |    459 |   6 |  165.3 |
               +--------+--------+--------+--------+--------+-----+--------+

Top non-repeatable levels by time:
     D:4: 218 daAuts
     D:5: 212 daAuts
     D:3: 166 daAuts
     D:1: 166 daAuts
     D:2: 153 daAuts
     D:6: 76 daAuts
